 Dungeon Crawl Stone Soup version 0.31-a0-234-gad7ace16ef (webtiles) character file.

Game seed: 7971417600760684032

193 qw the Shooter (level 5, -1/30 HPs)
             Began as a Gargoyle Hexslinger on July 9, 2023.
             Slain by an iguana (3 damage)
             ... on level 4 of the Dungeon.
             The game lasted 00:00:59 (2623 turns).

qw the Shooter (Gargoyle Hexslinger)                Turns: 2623, Time: 00:00:59

Health: -1/30      AC: 14    Str: 11    XL:     5   Next: 72%
Magic:  6/6        EV: 10    Int: 14    God:
Gold:   175        SH:  0    Dex: 14    Spells: 5/6 levels left

rFire   . . .        Y - +1 sling
rCold   . . .        (no shield)
rNeg    + . .        h - +0 ring mail
rPois   inf          (no helmet)
rElec   +            g - +0 cloak
rCorr   .            (no gloves)
SInv    .            (no boots)
Will    +....        (no amulet)
Stlth   +            k - +4 ring of protection
HPRegen 0.25/turn    f - ring of willpower
MPRegen 0.10/turn

%: no passive effects
@: no status effects
A: sickness immunity, AC +4, negative energy resistance 1, electricity
resistance, torment resistance 1, petrification resistance
a: no special abilities


You were on level 4 of the Dungeon.
You visited 1 branch of the dungeon, and saw 4 of its levels.

You collected 227 gold pieces.
You spent 52 gold pieces at shops.


Innate Abilities, Weirdness & Mutations

You are immune to sickness and miasma.
Your stone body is resilient. (AC +4)
You are immune to poison.
You resist negative energy. (rN+)
You are resistant to electric shocks. (rElec)
You are resistant to unholy torment.
You are immune to petrification.


   Skills:
 + Level 2.3 Fighting
 - Level 5.2 Ranged Weapons
 - Level 1.0 Armour
 - Level 1.5 Dodging
 - Level 1.0 Spellcasting
 - Level 2.6 Hexes


You had 5 spell levels left.
You knew the following spells:

 Your Spells              Type           Power      Damage    Failure   Level
a - Slow                  Hex            32%        N/A       21%         1

Your spell library contained the following spells:

 Spells                   Type           Power      Damage    Failure   Level
 Inner Flame              Hex/Fire       4%         N/A       71%         3
 Portal Projectile        Hex/Tloc       8%         N/A       71%         3
 Cause Fear               Hex            4%         N/A       90%         4

Inventory:

Hand Weapons
 Y - a +1 sling (weapon)
Armour
 g - a +0 cloak (worn)
 h - a +0 ring mail (worn)
Jewellery
 f - a ring of willpower (right hand)
 k - a +4 ring of protection (left hand)
Scrolls
 c - a scroll of identify
Potions
 a - a potion of curing
 b - a potion of mutation {unknown}
 d - a potion of heal wounds {unknown}
 e - a potion of might {unknown}
 i - a potion of attraction {unknown}

Dungeon Overview and Level Annotations

Branches:
Dungeon (4/15)
 Temple: D:4-7

Altars:

Shops:
D:3 *


Message History

A hobgoblin comes into view.
The hobgoblin shouts!
Enter note:
Enter note:
Enter note:
Enter note: You shoot a sling bullet.
The sling bullet hits the hobgoblin but does no damage.
You shoot a sling bullet. The sling bullet hits the hobgoblin!
You kill the hobgoblin!
An iguana comes into view.
Enter note:
Enter note:
Enter note:
Enter note: You shoot a sling bullet.
The sling bullet hits the iguana.
The iguana is lightly wounded.
You shoot a sling bullet. The sling bullet hits the iguana.
The iguana is moderately wounded.
You shoot a sling bullet.
The sling bullet hits the iguana but does no damage.
The iguana is moderately wounded.
You shoot a sling bullet. The sling bullet hits the iguana.
The iguana is moderately wounded.
You shoot a sling bullet.
The sling bullet hits the iguana but does no damage.
The iguana is moderately wounded.
The iguana barely misses you.
You shoot a sling bullet.
The sling bullet hits the iguana but does no damage.
The iguana is moderately wounded.
The iguana bites you!
You shoot a sling bullet.
The sling bullet completely misses the iguana.
The iguana bites you! x2
You shoot a sling bullet.
The sling bullet hits the iguana but does no damage.
The iguana is moderately wounded.
The iguana bites you.
You die...

. .. ...
##..# #....#
######....##
#....@l....#
#.#######.##
##.######.
#.........
#.########
#.# #.# #.#
#.# ...^


You could see an iguana.

Vanquished Creatures
  An ogre (D:3)
  4 adders
  A white imp (D:3)
  2 worms
  A dart slug (D:3)
  2 orcs
  5 endoplasms
  3 giant cockroaches
  3 goblins
  3 hobgoblins
  10 jackals
  2 quokkas (D:2)
  3 ball pythons
  4 bats
  4 frilled lizards
  A kobold (D:2)
  3 rats
52 creatures vanquished.

Notes
Turn   | Place    | Note
-------+----------+-------------------------------------------
     0 | D:1      | qw the Gargoyle Hexslinger began the quest for the Orb.
     0 | D:1      | Reached XP level 1. HP: 12/12 MP: 2/2
     0 | D:1      | 0 ||| qw: Version: 0.3-a-51-g015441d
     0 | D:1      | 0 ||| qw: Game counter: 4202
     0 | D:1      | 0 ||| qw: Melee chars always use a shield: true
     0 | D:1      | 0 ||| qw: God list: Okawaru
     0 | D:1      | 0 ||| qw: Allow faded altars: false
     0 | D:1      | 0 ||| qw: Do Orc after clearing Dungeon:15 true
     0 | D:1      | 0 ||| qw: Do second Lair branch before Depths: true
     0 | D:1      | 0 ||| qw: Lair rune preference: random
     0 | D:1      | 0 ||| qw: Goals: Normal
     0 | D:1      | 0 ||| PLANNING D:1-11
   136 | D:1      | Reached XP level 2. HP: 15/16 MP: 3/3
   307 | D:1      | Reached skill level 3 in Ranged Weapons
   635 | D:1      | 635 ||| UPGRADING to +0 leather armour.
   645 | D:1      | 645 ||| DROPPING +0 robe.
   646 | D:1      | 646 ||| UPGRADING to +0 cloak.
   651 | D:1      | 651 ||| UPGRADING to +0 ring mail.
   661 | D:1      | 661 ||| DROPPING +0 leather armour.
   662 | D:1      | 662 ||| UPGRADING to +4 ring of protection.
   663 | D:1      | 663 ||| READING scroll labelled SEDWEO ID XIR.
   664 | D:1      | 664 ||| READING scroll labelled HEUKHLO VIW.
   665 | D:1      | 665 ||| DROPPING scroll of poison.
   680 | D:2      | 680 ||| STAIRDANCE
   696 | D:1      | Reached XP level 3. HP: 8/21 MP: 4/4
   754 | D:2      | 754 ||| STAIRDANCE
   990 | D:2      | Reached skill level 1 in Armour
  1113 | D:2      | You fall into a shaft and drop 2 floors!
  1132 | D:4      | Reached XP level 4. HP: 22/26 MP: 5/5
  1245 | D:3      | Found Kukhargho's General Store.
  1251 | D:3      | 1251 ||| SHOPLISTING 3 scrolls of acquirement (2028 gold,
                  | have 106).
  1251 | D:3      | 1251 ||| SHOPLISTING amulet of reflection (390 gold, have
                  | 106).
  1251 | D:3      | 1251 ||| BUYING scroll of identify (26 gold).
  1251 | D:3      | Bought a scroll of identify for 26 gold pieces
  1251 | D:3      | 1251 ||| BUYING scroll of identify (26 gold).
  1251 | D:3      | Bought a scroll of identify for 26 gold pieces
  1335 | D:3      | 1335 ||| Stepping ~*~*~tactically~*~*~ (outnumbered).
  1413 | D:3      | 1413 ||| READING scroll labelled XOUCZENIVA.
  1414 | D:3      | 1414 ||| DRINKING 2 dark potions.
  1415 | D:3      | 1415 ||| READING 2 scrolls of identify.
  1415 | D:3      | 1415 ||| IDENTIFYING bubbling inky potion
  1416 | D:3      | 1416 ||| DROPPING potion of berserk rage.
  1677 | D:2      | Reached skill level 4 in Ranged Weapons
  1696 | D:2      | Identified the +1 dagger "Giantbane" {flame, Str+3 Dex+3}
  1781 | D:2      | 1781 ||| READING scroll labelled ZUQEUSUGUBB.
  2071 | D:3      | Noticed an ogre
  2080 | D:3      | Killed an ogre
  2081 | D:3      | Reached skill level 5 in Ranged Weapons
  2081 | D:3      | Reached XP level 5. HP: 30/30 MP: 6/6
  2467 | D:3      | 2467 ||| UPGRADING to ring of willpower.
  2622 | D:4      | HP: 2/30 [iguana (10)]
  2623 | D:4      | Slain by an iguana

Levels and vault maps discovered:
D:1:      dpeg_arrival_rooms_c, layout_basic
D:2:      layout_loops_ring
D:3:      minmay_general_purpose_star, layout_basic, serial_shops, shop
D:4:      layout_cave_pools, nicolae_overflow_crystal_walls, lemuel_tele_altar

Skill      XL: |  1  2  3  4 |
---------------+-------------+-----
Ranged Weapons | 3 5 |  5.2
Fighting       | 2 |  2.3
Armour         | 1 |  1.0
Dodging        | |  1.5
Spellcasting   | |  1.0
Hexes          | |  2.6

Action                     |  1- 3 |  4- 6 || total
---------------------------+-------+-------++-------
   Fire: Sling             |   149 |    99 ||   248
    Use: Scroll            |     2 |     3 ||     5
         Potion            |       |     1 ||     1
 Armour: Robe              |    11 |       ||    11
         Ring mail         |    55 |    41 ||    96
  Dodge: Dodged            |    73 |    49 ||   122

Table legend:
 A = Non-vault XP
 B = Vault XP
 C = Vault XP percentage of total XP
 D = Non-vault monster count
 E = Vault monster count
 F = Vault count percentage of total count
                 A         B        C        D         E       F
            +---------+---------+-------+---------+---------+-------
      Total |     270 |       7 |   2.5 |      49 |       3 |   5.8
            +---------+---------+-------+---------+---------+-------
        D:1 |      37 |       0 |   0.0 |      16 |       0 |   0.0
        D:2 |      56 |       0 |   0.0 |      18 |       0 |   0.0
        D:3 |     161 |       7 |   4.2 |       9 |       3 |  25.0
        D:4 |      16 |       0 |   0.0 |       6 |       0 |   0.0
            +---------+---------+-------+---------+---------+-------
